 Dungeon Crawl Stone Soup version 0.18.1-48-g4cf74bf (webtiles) character file.

121 Kugarra the Digger (level 5, 0/28 HPs)
             Began as a Gargoyle Earth Elementalist on Aug 19, 2016.
             Killed by nerve-wracking pain
             ... invoked by smzp's ghost
              (9 damage)
             ... on level 3 of the Dungeon.
             The game lasted 00:20:42 (2312 turns).

Kugarra the Digger (Gargoyle Earth Elementalist)    Turns: 2312, Time: 00:20:43

Health: 0/28       AC:  6    Str: 11    XL:     5   Next: 5%
Magic:  2/8        EV: 12    Int: 17    God:
Gold:   97         SH:  0    Dex: 10    Spells: 3 memorised, 2 levels left

rFire  . . .     SeeInvis .     (no weapon)
rCold  . . .     Gourm    .     a - +0 robe
rNeg   + . .     Faith    .     (no shield)
rPois  ∞         Spirit   .     (no helmet)
rElec  +         Dismiss  .     (no cloak)
rCorr  .         Reflect  .     (no gloves)
SustAt .         Harm     .     (no boots)
MR     .....                    (no amulet)
Stlth  +++.......               (no ring)
                                e - ring of stealth

@: very slightly contaminated, not resistant to hostile enchantments, fairly
stealthy
A: negative energy resistance 1, electricity resistance, unbreathing,
petrification resistance, rot immunity, AC +4
a: no special abilities


You were on level 3 of the Dungeon.
You were hungry.

You visited 1 branch of the dungeon, and saw 3 of its levels.

You collected 97 gold pieces.

Inventory:

Hand Weapons
 j - a +0 mace
Missiles
 b - 152 stones (quivered)
Armour
 a - a +0 robe (worn)
Jewellery
 e - a ring of stealth (left hand)
 f - an uncursed ring of sustain attributes {unknown}
Scrolls
 g - a scroll of blinking {unknown}
 m - 3 scrolls of identify
 n - a scroll of teleportation {unknown}
 q - 2 scrolls of remove curse {unknown}
 t - a scroll of recharging {unknown}
Potions
 h - a potion of curing
 i - a potion of heal wounds {unknown}
 l - 2 potions of ambrosia {unknown}
 o - 2 potions of mutation {unknown}
 r - a potion of lignification {unknown}
Books
 c - a book of Geomancy

   Spells                             Type                      Level
   a - Sandblast                      Earth                        1
   b - Passwall                       Transmutation/Earth          2
   c - Stone Arrow                    Conjuration/Earth            3
   d - Petrify                        Transmutation/Earth          4
   e - Lee's Rapid Deconstruction     Earth                        5
 p - a book of Annihilations

   Spells                             Type                      Level
   a - Poison Arrow                   Conjuration/Poison           6
   b - Chain Lightning                Conjuration/Air              8
   c - Lehudib's Crystal Spear        Conjuration/Earth            8
   d - Glaciate                       Conjuration/Ice              9
   e - Fire Storm                     Conjuration/Fire             9
Comestibles
 d - 4 bread rations
 k - 2 fruits
 s - a meat ration


   Skills:
 - Level 1.5 Dodging
 - Level 2.1 Stealth
 - Level 2.0 Spellcasting
 * Level 2.4 Conjurations
 - Level 0.7 Transmutations
 * Level 5.9 Earth Magic


You had 2 spell levels left.
You knew the following spells:

 Your Spells              Type           Power        Failure   Level  Hunger
a - Sandblast             Erth           ###...       1%          1    #......
b - Passwall              Trmt/Erth      ##........   10%         2    ###....
c - Stone Arrow           Conj/Erth      ###...       12%         3    ###....


Dungeon Overview and Level Annotations

Branches:
Dungeon (3/15)

Altars:
Dithmenos
Okawaru
Pakellas
Qazlal
Yredelemnul

Annotations:
D:3 smzp's ghost, amateur TeNe


Innate Abilities, Weirdness & Mutations

You are resistant to torment.
Your stone body is resilient (AC +4).
You are immune to poison.
You resist negative energy.
You are resistant to electric shocks.
You can survive without breathing.
You are immune to petrification.
You are immune to rotting.


Message History

You miscast Stone Arrow.
You feel earthy.
Drink which item? (? for menu, Esc to quit)
You feel better. Smzp's ghost casts a spell at you.
You barely resist.
You see here 22 stones.
Quivering
b - 152 stones for throwing.
Casting: Stone Arrow
Confirm with . or Enter, or press ? or * to list all spells.
You don't have enough magic to cast that spell.
The kobold shouts!
The kobold throws a stone.
The stone hits you but does no damage.
Smzp's ghost gestures at you while chanting.
Pain shoots through your body!
Smzp's ghost wails, "Very impressive.
But it won't help.
Nothing will."
The kobold misses you. The kobold misses you.
Smzp's ghost casts a spell at you. Pain shoots through your body!
You die...

....# #.......................)..
###.# #......................####
#.# #...).....................)
###.# #......................###.
....# #......................###.
<#### #>...............(.........
########..........K..........###.
...................W......(..# ##
########........@........?...#
#........................#
#.##.....................# #
#......................#
#......................#
#..........[...........#
#...................
........<..........
...............


You could see smzp's ghost and a kobold.

Vanquished Creatures
  5 adders
  2 oozes (D:2)
  3 dart slugs (D:1)
  A giant gecko (D:3)
  2 orcs (D:3)
  6 bats
  3 giant cockroaches
  5 hobgoblins
  13 kobolds
  2 ball pythons (D:2)
  2 giant newts
  11 goblins
  5 rats
60 creatures vanquished.

Notes
Turn   | Place    | Note
--------------------------------------------------------------
     0 | D:1      | Kugarra the Gargoyle Earth Elementalist began the quest for the Orb.
     0 | D:1      | Reached XP level 1. HP: 10/10 MP: 3/3
    70 | D:1      | Reached skill level 4 in Earth Magic
   438 | D:1      | Reached XP level 2. HP: 15/15 MP: 0/5
   818 | D:1      | Learned a level 2 spell: Passwall
   976 | D:1      | Reached XP level 3. HP: 19/19 MP: 4/6
   978 | D:1      | Reached skill level 5 in Earth Magic
  1175 | D:1      | Learned a level 3 spell: Stone Arrow
  1269 | D:2      | Found a basalt altar of Yredelemnul.
  1305 | D:2      | Found an iron altar of Okawaru.
  1305 | D:2      | Found a stormy altar of Qazlal.
  1333 | D:2      | Reached skill level 1 in Conjurations
  1389 | D:2      | Reached XP level 4. HP: 24/24 MP: 4/7
  1704 | D:2      | Found an oddly glowing altar of Pakellas.
  1853 | D:2      | Found a shadowy altar of Dithmenos.
  1994 | D:3      | Noticed smzp's ghost (amateur TeNe)
  2166 | D:3      | Reached XP level 5. HP: 28/28 MP: 4/8
  2312 | D:3      | Killed from afar by smzp's ghost

Skill      XL: |  1  2  3  4 |
---------------+-------------+-----
Earth Magic    | 4 5 |  5.9
Conjurations   | 1 2 |  2.4
Dodging        | |  1.5
Stealth        | |  2.1
Spellcasting   | |  2.0
Transmutations | |  0.7

Action                   |  1- 3 |  4- 6 || total
-------------------------+-------+-------++-------
Melee: Unarmed           |     3 |       ||     3
 Cast: Sandblast         |    72 |    62 ||   134
  Use: Scroll            |     4 |       ||     4
       Potion            |       |     1 ||     1
  Eat: Chunk             |     2 |     3 ||     5
       Fruit             |     1 |       ||     1
Armor: Robe              |    22 |    19 ||    41
Dodge: Dodged            |    58 |    26 ||    84
